Map: Acropolis LE

Players

zuka - Winner!

  • Race: Protoss Protoss
  • League: Master
  • Spawn Location: 5:00

LuNaTiC

  • Race: Terran Terran
  • Spawn Location: 11:00

VOD

Have the link to the VOD?

Description

Time

  • Played on: June 5, 2019, 2:48 p.m.
  • Length: 3:12
Show
View Real Time Build Order
Export as new Build Order

zuka Protoss - Winner!

Build Orders: 1 Gate Expand 

Get SALT Encoding   

  12  0:00  Probe  
  13  0:13  Probe  
  14  0:17  Pylon  
  14  0:25  Probe  
  15  0:37  Gateway  
  15  0:38  Probe  
  16  0:49  Gateway  
  16  0:52  Probe  
  17  1:24  Zealot  
  17  1:27  Zealot  
  17  1:29  Nexus  
  21  1:42  Pylon  
  21  1:48  Zealot  
  21  1:53  Zealot  
  25  2:08  Assimilator  
  25  2:15  Zealot  
  26  2:33  Zealot  
Show
View Real Time Build Order
Export as new Build Order

LuNaTiC Terran 

Build Orders: Reaper Expand 

Get SALT Encoding   

  12  0:00  SCV  
  13  0:13  SCV  
  14  0:17  Supply Depot  
  14  0:25  SCV  
  15  0:38  SCV  
  15  0:40  Barracks  
  16  0:50  Refinery  
  16  0:52  SCV  
  17  1:05  SCV  
  18  1:17  SCV  
  19  1:29  Orbital Command  
  19  1:36  Reaper  
  19  1:39  Command Center  
  20  1:58  SCV  
  20  1:59  Supply Depot  
  21  2:03  Refinery  
  21  2:07  Marine  
  22  2:11  SCV  
  23  2:23  SCV  
  23  2:24  Factory  
  23  2:29  Barracks Reactor  
  24  2:40  Bunker  
  24  2:43  SCV  
Tags
 
Add a new tag
Caveats
  • Supply blocks, unpowered buildings, or Contaminate may cause inaccurate times.
  • Supply counts are checked every 10 seconds.